 Dungeon Crawl Stone Soup version 0.30-a0-924-g0ad0bf95bc (webtiles) character file.

Game seed: 8502907400734645984

1127 12sPaWn12 the Trooper (level 8, 0/87 HPs)
             Began as an Ogre Berserker on Mar 23, 2023.
             Was a Priest of Trog.
             Splashed by a jelly's acid (7 damage)
             ... on level 5 of the Dungeon.
             The game lasted 00:07:01 (5496 turns).

12sPaWn12 the Trooper (Ogre Berserker)              Turns: 5496, Time: 00:07:01

Health: 0/87       AC: -4    Str: 24    XL:     8   Next: 35%
Magic:  8/8        EV: 25    Int:  8    God:    Trog [***...]
Gold:   282        SH:  0    Dex:  8    Spells: 7/7 levels left

rFire   . . .      SeeInvis .    u - +2 great mace (venom)
rCold   . . .      Faith    .    (shield currently unavailable)
rNeg    . . .      Spirit   .    b - +0 animal skin
rPois   .          Reflect  .    (helmet restricted)
rElec   .          Rampage  .    (no cloak)
rCorr   .                        (gloves unavailable)
Will    .....                    (boots unavailable)
Stlth   +                        i - amulet of the acrobat
HPRegen 0.34/turn                (no ring)
MPRegen 0.11/turn                (no ring)

@: corroded, acrobatic
A: large, unfitting armour, tough skin 1
a: Renounce Religion, Berserk, Trog's Hand


You were on level 5 of the Dungeon.
You worshipped Trog.
Trog was most pleased with you.
You visited 1 branch of the dungeon, and saw 6 of its levels.

You collected 282 gold pieces.

Inventory:

Hand Weapons
 a - a +0 hand axe
 u - a +2 great mace of venom (weapon)
Armour
 b - a +0 animal skin (worn)
 l - a +2 kite shield
Jewellery
 i - an amulet of the acrobat (around neck)
Scrolls
 e - 5 scrolls of teleportation {unknown}
 f - 3 scrolls of enchant weapon {unknown}
 g - 3 scrolls of magic mapping {unknown}
 h - 2 scrolls of immolation {unknown}
 j - 2 scrolls of poison {unknown}
 k - a scroll of vulnerability {unknown}
 m - a scroll of identify {unknown}
 p - 3 scrolls of fear {unknown}
 q - a scroll of amnesia {unknown}
 s - a scroll of brand weapon {unknown}
 t - 3 scrolls of noise {unknown}
 v - a scroll of fog {unknown}
Potions
 c - 2 potions of mutation {unknown}
 d - 3 potions of degeneration {unknown}
 n - 3 potions of curing {unknown}
 o - a potion of might {unknown}
 r - a potion of lignification {unknown}
 w - a potion of heal wounds {unknown}
 x - a potion of invisibility {unknown}


   Skills:
 * Level 7.0 Fighting
 + Level 5.2(5.5) Axes
 + Level 2.2(3.8) Maces & Flails
 * Level 2.8 Armour
 * Level 5.5 Dodging
 - Level 1.7 Shields


You had 7 spell levels left.
You didn't know any spells.
Your spell library was empty.

Dungeon Overview and Level Annotations

Branches:
Dungeon (6/15)
 Temple: D:4-7

Altars:
Nemelex Xobeh
Qazlal
The Shining One


Innate Abilities, Weirdness & Mutations

You are too large for most types of armour.
You have tough skin. (AC +1)


Message History

Trog appreciates your killing of a magic user.
The orc priest miscasts a cantrip.
You barely miss the jelly. The orc priest closely misses you.
The jelly hits you. The acid corrodes you!
You are splashed with acid!
You barely miss the jelly.
The orc priest hits you from afar with a +0 trident!
The jelly hits you. The acid corrodes you!
You are splashed with acid!
The orc priest closely misses you. The jelly hits you.
You are splashed with acid!
You are too injured to fight recklessly!
You are too injured to fight recklessly!
You are too injured to fight recklessly!
The jelly attacks as you move away! The jelly completely misses you.
There is a stone staircase leading up here.
The orc priest mumbles some strange prayers to Beogh against you.
Beogh smites you! The jelly hits you.
You are splashed with acid!
* * * LOW HITPOINT WARNING * * *
You climb upwards.
There is a stone staircase leading down here.
You hit the jelly.
Your hands burn!
* * * LOW HITPOINT WARNING * * *
The jelly is moderately wounded.
The jelly hits you.
* * * LOW HITPOINT WARNING * * *
You are splashed with acid!
* * * LOW HITPOINT WARNING * * *
The jelly attacks as you move away! The jelly completely misses you.
The jelly attacks as you move away! The jelly misses you.
Okay, then.
The jelly completely misses you. The jelly closely misses you.
The jelly attacks as you move away! The jelly hits you.
* * * LOW HITPOINT WARNING * * *
You are splashed with acid!
* * * LOW HITPOINT WARNING * * *
The jelly attacks as you move away! The jelly barely misses you.
The jelly attacks as you move away! The jelly hits you.
* * * LOW HITPOINT WARNING * * *
The acid corrodes you!
You are splashed with acid!
You die...

.# #....###########
.# #....##........#
.# #....##........#
## #..............#
####...........#
#...........#
#...........#
##...J.......# ##
#....@.......# .#
#............#
.#######
#.......######
.#.....#####....÷..#
.'.....'........>†.#
.#.....#####.......#
.#.)...# #.....[.#
######## #.......###
##........#


You could see a jelly.

Vanquished Creatures
  Sigmund (D:5)
  An orc warrior (D:6)
  2 black bears
  A centaur (D:5)
  Blork the orc (D:4)
  A bullfrog (D:5)
  A scorpion (D:5)
  2 hounds (D:5)
  3 orc priests
  3 iguanas
  2 orc wizards
  4 adders
  2 ufetubi
  2 worms
  3 dart slugs
  8 orcs
  3 bats
  7 endoplasms
  3 giant cockroaches
  9 goblins
  4 hobgoblins
  4 jackals (D:1)
  7 kobolds
  2 quokkas (D:1)
  9 ball pythons
  5 frilled lizards
  6 rats
96 creatures vanquished.

Notes
Turn   | Place    | Note
-------+----------+-------------------------------------------
     0 | D:1      | 12sPaWn12 the Ogre Berserker began the quest for the Orb.
     0 | D:1      | Reached XP level 1. HP: 24/24 MP: 1/1
   194 | D:1      | Reached XP level 2. HP: 32/32 MP: 2/2
   434 | D:1      | Reached XP level 3. HP: 37/40 MP: 3/3
   704 | D:1      | Found a faded altar of an unknown god.
  1917 | D:3      | Reached XP level 4. HP: 49/49 MP: 4/4
  1988 | D:3      | Reached ** piety under Trog
  2287 | D:3      | Found a stormy altar of Qazlal.
  2395 | D:3      | Reached skill level 1 in Armour
  2672 | D:4      | Reached skill level 5 in Fighting
  2672 | D:4      | Reached XP level 5. HP: 21/57 MP: 5/5
  2836 | D:4      | Noticed a black bear
  2854 | D:4      | Killed a black bear
  2855 | D:4      | Reached skill level 1 in Shields
  3046 | D:4      | Found a sparkling altar of Nemelex Xobeh.
  3049 | D:4      | Noticed Blork the orc
  3074 | D:4      | Killed Blork the orc
  3075 | D:4      | Reached XP level 6. HP: 24/66 MP: 6/6
  3923 | D:5      | Entered Level 5 of the Dungeon
  4081 | D:5      | Reached XP level 7. HP: 64/74 MP: 7/7
  4292 | D:5      | Reached skill level 6 in Fighting
  4292 | D:5      | Reached skill level 5 in Axes
  4428 | D:5      | Found a glowing golden altar of the Shining One.
  4461 | D:5      | Reached *** piety under Trog
  5053 | D:5      | Noticed Sigmund
  5062 | D:5      | Killed Sigmund
  5063 | D:5      | Reached skill level 1 in Maces & Flails
  5140 | D:6      | Reached XP level 8. HP: 77/84 MP: 8/8
  5142 | D:6      | Reached skill level 5 in Dodging
  5470 | D:6      | Reached skill level 7 in Fighting
  5496 | D:5      | Splashed by a jelly's acid

Illustrated notes

Levels and vault maps discovered:
D:1:      minmay_arrival_open_corners, layout_basic,
          dreamdust_ecumenical_altar_angels_and_demons
D:2:      layout_basic, minmay_misc_feat_enclosed
D:3:      layout_loops_ring, nicolae_qazlal_general_emergency
D:4:      layout_basic, mainiacjoe_overflow_catwalk, uniq_blork_the_orc
D:5:      layout_basic, mainiacjoe_overflow_tiny_flanked, uniq_sigmund
D:6:      minmay_angry_zag, layout_rooms

Skill      XL: |  1  2  3  4  5  6  7  8 |
---------------+-------------------------+-----
Dodging        | 3 4 5 |  5.5
Armour         | 1 2 |  2.8
Fighting       | 5 6 7 |  7.0
Axes           | 4 5 |  5.2
Shields        | 1 |  1.7
Maces & Flails | 1 2 |  2.2

Action                     |  1- 3 |  4- 6 |  7- 9 || total
---------------------------+-------+-------+-------++-------
  Melee: Hand axe          |   123 |   147 |       ||   270
         Great mace        |       |    11 |    53 ||    64
 Armour: Animal skin       |    44 |    28 |    14 ||    86
  Dodge: Dodged            |    66 |    52 |    81 ||   199
  Block: Kite shield       |       |    52 |       ||    52

Table legend: (Time is in decaauts)
 A = Elapsed time spent in this place.
 B = Non-inter-level travel time spent in this place.
 C = Inter-level travel time spent in this place.
 D = Time resting spent in this place.
 E = Time spent auto-exploring this place.
 F = Levels seen in this place.
 G = Mean time per level.
                   A        B        C        D        E       F      G
               +--------+--------+--------+--------+--------+-----+--------+
         Total |   5582 |   5436 |    146 |      0 |   4595 |   6 |  930.3 |
       Dungeon |   5582 |   5436 |    146 |      0 |   4595 |   6 |  930.3 |
               +--------+--------+--------+--------+--------+-----+--------+

Top non-repeatable levels by time:
     D:5: 1558 daAuts
     D:4: 1384 daAuts
     D:2: 1060 daAuts
     D:1: 836 daAuts
     D:3: 690 daAuts
     D:6: 52 daAuts
